 Dungeon Crawl Stone Soup version 0.29.1-1-gd02db69 (webtiles) character file.

Game seed: 9365644427316332864

17227 samcosmo the Covert (level 12, 0/75 HPs)
             Began as a Kobold Enchanter on Apr 26, 2023.
             Was a Believer of Dithmenos.
             Slain by a cane toad (15 damage)
             ... on level 2 of the Lair of Beasts on Apr 27, 2023.
             The game lasted 00:50:25 (14952 turns).

samcosmo the Covert (Kobold Enchanter)             Turns: 14952, Time: 00:50:26

Health: 0/75       AC: 15    Str:  6    XL:     12   Next: 80%
Magic:  4/17       EV: 21    Int: 23    God:    Dithmenos [**....]
Gold:   942        SH:  0    Dex: 19    Spells: 3/18 levels left

rFire   + + .      SeeInvis +   O - +1 rapier "Killer Bee's Foe" {vamp, rF++}
rCold   . . .      Faith    .   (no shield)
rNeg    . . .      Spirit   .   x - +1 steam dragon scales
rPois   .          Reflect  .   l - +2 helmet
rElec   .          Harm     .   J - +1 cloak {Will+}
rCorr   .          Rampage  .   G - +2 pair of gloves
Will    +....                   i - +0 pair of boots
Stlth   ++++++++..              (no amulet)
HPRegen 0.22/turn               R - ring of see invisible
MPRegen 0.15/turn               d - +6 ring of intelligence

@: wreathed by umbra, studying Ranged Weapons, invisible
A: small, no large weapons, nightstalker 3
a: Renounce Religion, Shadow Step


You were on level 2 of the Lair of Beasts.
You worshipped Dithmenos.
Dithmenos was pleased with you.
You visited 3 branches of the dungeon, and saw 14 of its levels.
You also visited: Sewer and Bailey.

You collected 942 gold pieces.

Inventory:

Hand Weapons
 a - a +2 dagger of venom
 N - the +9 rapier of Wyrd {venom, Will+ Stlth+}
   (You found it on level 11 of the Dungeon)

   It poisons the flesh of those it strikes.
   Will:      It increases your willpower.
   Stlth:     It makes you more stealthy.
 O - the +1 rapier "Killer Bee's Foe" (weapon) {vamp, rF++}
   (You found it on level 5 of the Dungeon)

   It occasionally heals its wielder for a portion of the damage dealt when it
   wounds a living foe.
   rF:        It greatly protects you from fire.
Missiles
 u - a throwing net (quivered)
Armour
 b - a +0 robe
 i - a +0 pair of boots (worn)
 k - a +0 cloak
 l - a +2 helmet (worn)
 x - +1 steam dragon scales (worn)
 y - the +0 leather armour of Honour {+Inv}
   (You found it on level 7 of the Dungeon)

   +Inv:      It lets you turn invisible.
 G - a +2 pair of gloves (worn)
 J - a +1 cloak of willpower (worn)
Jewellery
 d - a +6 ring of intelligence (right hand)
 j - a ring of flight
 B - a ring of magical power
 R - a ring of see invisible (left hand)
 S - a ring of positive energy
Wands
 m - a wand of roots (25)
 C - a wand of mindburst (8)
 D - a wand of light (23)
 P - a wand of polymorph (4)
Scrolls
 f - 3 scrolls of enchant weapon
 t - 2 scrolls of fear
 A - 3 scrolls of teleportation
 K - 2 scrolls of torment
 L - a scroll of brand weapon
 M - a scroll of summoning
 Q - 2 scrolls of amnesia
Potions
 c - 2 potions of invisibility
 g - 2 potions of flight
 h - 8 potions of curing
 n - 8 potions of degeneration
 o - 2 potions of berserk rage
 p - 4 potions of haste
 q - 6 potions of mutation
 r - a potion of ambrosia {unknown}
 s - 5 potions of lignification
 v - 3 potions of magic {unknown}
 w - 3 potions of cancellation {unknown}
 z - 9 potions of heal wounds
 E - 3 potions of brilliance {unknown}
 F - a potion of attraction {unknown}
 H - 4 potions of resistance
 I - 2 potions of might {unknown}


   Skills:
 + Level 8.7 Fighting
 + Level 10.4 Short Blades
 + Level 9.1 Dodging
 + Level 12.0 Stealth
 - Level 3.5 Spellcasting
 + Level 10.4 Hexes
 * Level 9.1 Evocations


You had 3 spell levels left.
You knew the following spells:

 Your Spells              Type           Power      Damage    Failure   Level
a - Ensorcelled Hibernat  Hex/Ice        56%        N/A       1%          2
b - Confusing Touch       Hex            51%        N/A       1%          3
c - Tukima's Dance        Hex            51%        N/A       1%          3
d - Dazzling Flash        Conj/Hex       56%        N/A       3%          3
e - Cause Fear            Hex            25%        N/A       1%          4

Your spell library contained the following spells:

 Spells                   Type           Power      Damage    Failure   Level
 Inner Flame              Hex/Fire       28%        N/A       3%          3
 Portal Projectile        Hex/Tloc       56%        N/A       3%          3
 Summon Guardian Golem    Hex/Summ       28%        N/A       3%          3
 Apportation              Tloc           8%         N/A       11%         1
 Necrotise                Necr           16%        1d4       11%         1
 Summon Small Mammal      Summ           16%        N/A       11%         1
 Call Canine Familiar     Summ           4%         N/A       32%         3
 Ignite Poison            Fire/Tmut/Pois 4%         N/A       32%         3
 Mephitic Cloud           Conj/Pois/Air  4%         N/A       32%         3
 Ozocubu's Armour         Ice            4%         N/A       32%         3
 Leda's Liquefaction      Hex/Erth       14%        N/A       13%         4
 Summon Mana Viper        Hex/Summ       28%        N/A       34%         5
 Alistair's Intoxication  Tmut/Pois      2%         N/A       97%         5
 Freezing Cloud           Conj/Ice/Air   2%         6-21      97%         5
 Summon Forest            Summ/Tloc      2%         N/A       97%         5
 Summon Cactus Giant      Summ           2%         N/A       100%        6
 Ozocubu's Refrigeration  Ice            2%         4d7       100%        7
 Discord                  Hex            25%        N/A       100%        8


Dungeon Overview and Level Annotations

Branches:
Dungeon (11/15)            Temple (1/1) D:5            Lair (2/5) D:11
    Orc (0/2) D:11          Sewer (visited)          Bailey (visited)
  Swamp: Lair:2-3    Shoals: Lair:2-3     Snake: Lair:2-3    Spider: Lair:2-3

Altars:
Ashenzari
Cheibriados
Dithmenos
Elyvilon
Fedhas
Gozag
Hepliaklqana
Kikubaaqudgha
Makhleb
Nemelex Xobeh
Okawaru
Qazlal
Ru
Sif Muna
Trog
Uskayaw
Vehumet
Wu Jian
Xom
Yredelemnul
Zin
The Shining One

Shops:
D:1 =   D:9 =   D:11 ([[

Annotations:
D:11 Erolcha, Fannar, Harold


Innate Abilities, Weirdness & Mutations

You are small and have problems with some larger weapons.
You are completely attuned to the shadows.


Message History

You closely miss the wolf. The wolf completely misses you.
You barely miss the wolf. The wolf barely misses you.
You hit the wolf.
The wolf is moderately wounded.
The wolf completely misses you.
The wolf bites itself!
You hit the wolf.
You feel better.
The wolf is almost dead.
You catch the helpless wolf completely off-guard!
You impale the wolf!!
You feel better.
You kill the wolf!
Dithmenos accepts your kill.
Casting: Confusing Touch (safe; 1% risk of failure)
Confirm with . or Enter, or press ? or * to list all spells.
Your hands begin to glow red.
The cane toad misses you.
You completely miss the cane toad.
The cane toad is moderately wounded.
The cane toad completely misses you.
You hit the cane toad but do no damage.
The cane toad appears confused.
The cane toad is moderately wounded.
The cane toad misses you.
You barely miss the cane toad.
The cane toad is moderately wounded.
The cane toad stings you but does no damage.
Casting: Confusing Touch (safe; 1% risk of failure)
Confirm with . or Enter, or press ? or * to list all spells.
You don't have enough magic to cast this spell.
You hit the cane toad but do no damage. You closely miss the cane toad.
The cane toad closely misses you.
You hit the cane toad.
You feel better.
The cane toad is lightly wounded.
The cane toad stings you!
* * * LOW HITPOINT WARNING * * *
Blink to where?
Press: ? - help, Dir - move target
As you read the scroll of blinking, it crumbles to dust.
There is an open door here.
Okay, then.
You fade into invisibility!
You barely miss the cane toad. The cane toad stings you!
You die...

............÷...........
..........†÷÷÷....÷...##
.###+##.......##.#P.### .##
####....##.#####
..##+#####....##'.##.#
.##P....##...###.....# .#
#.....#... ##.....#
.###.....#P...#PF.P####...
..#..###.....###@####....
..##.###.##...###.......
..##'#.P..........>....###
.......P.............#...###
.........(((....##.##.......
..........P(...........Y....
....>.....((†..###.###......
#...##........####.####.....
#.......#......#......


You could see a cane toad (unable to see you).

Vanquished Creatures
  2 two-headed ogres (D:9)
  The ghost of Jethros the Trooper, a novice MiBe of Trog (D:6)
  An orc knight (Bailey)
  3 cyclopes (D:11)
  A black mamba (Lair:1)
  Maurice (D:11)
  5 cane toads
  An unseen horror (D:8)
  A komodo dragon (Lair:1)
  A troll (D:11)
  2 hornets
  Grinder (D:3)
  2 wyverns
  A wraith (D:10)
  25 yaks
  3 basilisks
  2 steam dragons
  A swamp worm (Lair:2)
  3 acid dragons
  Duvessa (D:6)
  4 water moccasins
  2 sky beasts
  Pargi (Sewer)
  3 orc warriors
  6 ice beasts
  2 ogres (D:6)
  2 centaurs
  A wolf (Lair:2)
  A phantom (D:4)
  6 bullfrogs
  6 gnoll sergeants
  4 kobold brigands
  2 necrophages
  Blork the orc (D:5)
  5 scorpions
  8 wights
  Dowan (D:6)
  4 killer bees (D:10)
  2 howler monkeys
  A gnoll bouda (D:6)
  3 hounds
  5 orc priests
  Crazy Yiuf (D:2)
  2 jellies
  9 orc wizards
  An iguana (D:6)
  28 gnolls
  11 adders
  A shadow imp (D:6)
  A white imp (D:7)
  2 ufetubi
  4 worms
  4 dart slugs
  38 orcs
  11 endoplasms
  4 giant cockroaches
  9 goblins
  9 hobgoblins
  15 kobolds
  5 quokkas
  4 ball pythons
  4 bats
  4 frilled lizards (D:3)
  7 rats
  2 butterflies (Lair:1)
304 creatures vanquished.

Vanquished Creatures (others)
  14 fungi
  46 plants
60 creatures vanquished.

Grand Total: 364 creatures vanquished

Notes
Turn   | Place    | Note
-------+----------+-------------------------------------------
     0 | D:1      | samcosmo the Kobold Enchanter began the quest for the Orb.
     0 | D:1      | Reached XP level 1. HP: 10/10 MP: 3/3
   191 | D:1      | Reached XP level 2. HP: 16/16 MP: 5/5
   285 | D:1      | Learned a level 2 spell: Ensorcelled Hibernation
   377 | D:1      | Found Unuschara's Jewellery Shop.
   612 | D:1      | Reached XP level 3. HP: 20/20 MP: 6/6
  1074 | D:2      | Reached skill level 1 in Fighting
  1211 | D:2      | Found a faded altar of an unknown god.
  1333 | D:2      | Reached XP level 4. HP: 25/25 MP: 7/7
  1855 | D:2      | Found a runed translucent door.
  1858 | D:2      | Noticed Crazy Yiuf
  1863 | D:2      | Killed Crazy Yiuf
  1864 | D:2      | Reached XP level 5. HP: 29/29 MP: 9/9
  2512 | D:3      | Noticed Grinder
  2519 | D:3      | Learned a level 3 spell: Confusing Touch
  2523 | D:3      | Learned a level 3 spell: Tukima's Dance
  2548 | D:3      | Killed Grinder
  2549 | D:3      | Reached skill level 5 in Stealth
  2549 | D:3      | Reached XP level 6. HP: 32/36 MP: 7/11
  2863 | D:3      | Found a bloodstained altar of Trog.
  3054 | D:4      | Reached skill level 5 in Hexes
  3054 | D:4      | Reached XP level 7. HP: 40/40 MP: 12/12
  3070 | D:4      | Learned a level 3 spell: Dazzling Flash
  3569 | D:4      | Found a basalt altar of Yredelemnul.
  3656 | D:4      | Reached skill level 6 in Stealth
  3732 | D:5      | Entered Level 5 of the Dungeon
  3815 | D:5      | Reached XP level 8. HP: 46/46 MP: 13/13
  3847 | D:5      | Found a staircase to the Ecumenical Temple.
  3856 | Temple   | Entered the Ecumenical Temple
  4058 | D:5      | Noticed Blork the orc
  4062 | D:5      | Killed Blork the orc
  4063 | D:5      | Reached skill level 5 in Short Blades
  4063 | D:5      | Found a shimmering blue altar of Sif Muna.
  4165 | D:5      | Identified the +1 rapier "Killer Bee's Foe" {vamp, rF++}
  4208 | D:5      | Reached skill level 7 in Stealth
  4672 | D:6      | Noticed Duvessa
  4674 | D:6      | Noticed Dowan
  4676 | D:6      | Killed Duvessa
  4677 | D:6      | Reached XP level 9. HP: 52/52 MP: 14/14
  4696 | D:6      | Killed Dowan
  4725 | D:6      | Found a blossoming altar of Fedhas.
  4748 | D:6      | Found a sparkling altar of Nemelex Xobeh.
  4801 | D:6      | Found a broken altar of Ashenzari.
  4891 | D:6      | Found a glowing drain.
  4898 | Sewer    | Entered a sewer
  4950 | Sewer    | Noticed Pargi
  4954 | Sewer    | Killed Pargi
  5203 | D:6      | Reached skill level 5 in Dodging
  5381 | D:6      | Reached skill level 8 in Stealth
  5391 | D:6      | Identified the +3 chain mail "Atoqig" {Rampage Regen+ SInv}
  5408 | D:6      | Found a transporter.
  5559 | D:6      | Reached skill level 5 in Fighting
  6025 | D:6      | Found a transporter.
  6133 | D:6      | Noticed Jethros's ghost (novice MiBe)
  6280 | D:6      | Killed Jethros's ghost
  6281 | D:6      | Reached XP level 10. HP: 55/60 MP: 13/15
  6353 | D:7      | Reached skill level 9 in Stealth
  6428 | D:7      | Identified the +0 leather armour of Honour {+Inv}
  6614 | D:7      | Found a radiant altar of Vehumet.
  6708 | D:7      | Reached skill level 1 in Evocations
  7595 | D:8      | Found a flagged portal.
  7605 | Bailey   | Entered a bailey
  7944 | Bailey   | Noticed an orc knight
  7958 | Bailey   | Killed an orc knight
  8726 | D:8      | Found a shimmering altar of Xom.
  8757 | D:8      | Killed an unseen horror
  8758 | D:8      | Reached skill level 10 in Stealth
  8758 | D:8      | Reached XP level 11. HP: 12/66 MP: 16/16
  9079 | D:8      | Found a stormy altar of Qazlal.
  9257 | D:8      | Learned a level 4 spell: Cause Fear
  9622 | D:9      | Noticed a two-headed ogre
 10051 | D:9      | Noticed a two-headed ogre
 10062 | D:9      | Killed a two-headed ogre
 10063 | D:9      | Reached skill level 5 in Evocations
 10245 | D:9      | Identified the +5 rapier of Earthquakes {protect, rCorr}
 10512 | D:9      | Found Fostreuph's Jewellery Emporium.
 10574 | D:9      | Killed a two-headed ogre
 10699 | D:9      | Found a burning altar of Makhleb.
 10702 | D:9      | Found a snail-covered altar of Cheibriados.
 10705 | D:9      | Found an iron altar of Okawaru.
 10709 | D:9      | Found a white marble altar of Elyvilon.
 10712 | D:9      | Found a shadowy altar of Dithmenos.
 10718 | D:9      | Became a worshipper of Dithmenos the Shadowed
 10848 | D:10     | Entered Level 10 of the Dungeon
 11419 | D:10     | Found a glowing golden altar of the Shining One.
 11813 | D:10     | Reached skill level 11 in Stealth
 12015 | D:11     | Found Roymeub's Armour Boutique.
 12027 | D:11     | Identified the +9 rapier of Wyrd {venom, Will+ Stlth+}
 12310 | D:11     | Found Oghish's Armour Shoppe.
 12324 | D:11     | Found a staircase to the Orcish Mines.
 12324 | D:11     | Found Tiafuczu's Weapon Shoppe.
 12341 | D:11     | Reached * piety under Dithmenos
 12534 | D:11     | Noticed Fannar
 12576 | D:11     | Found a staircase to the Lair.
 12588 | D:11     | Noticed Harold
 12591 | D:11     | Noticed a cyclops
 12595 | D:11     | Killed a cyclops
 12602 | D:11     | Noticed Maurice
 12613 | D:11     | Killed Maurice
 12614 | D:11     | Reached XP level 12. HP: 69/73 MP: 14/17
 12775 | D:11     | Noticed Erolcha
 12853 | D:11     | Reached skill level 10 in Hexes
 13129 | Lair:1   | Entered Level 1 of the Lair of Beasts
 13388 | Lair:1   | Reached skill level 10 in Short Blades
 14702 | Lair:2   | Reached ** piety under Dithmenos
 14896 | Lair:2   | Reached skill level 12 in Stealth
 14952 | Lair:2   | Slain by a cane toad

Illustrated notes

Levels and vault maps discovered:
D:1:      lemuel_arrival_broad_hall, layout_rooms, serial_shops,
          nicolae_diamond_shop, feat_on_display
D:2:      layout_loops_ring, ebering_ecumenical_altar_webs, serial_bayou,
          serial_bayou_pond_d, serial_bayou_crossing, serial_bayou_pond_e,
          serial_bayou_lagoon_b, minmay_fractal_squares_5,
          uniq_crazy_yiuf_cottage
D:3:      layout_loops_ring, mainiacjoe_overflow_alcove_4, uniq_grinder
D:4:      layout_basic, mainiacjoe_overflow_24_doors
D:5:      layout_basic, nicolae_sif_muna_condensation,
          minmay_temple_entry_glassed_door, uniq_blork_the_orc
D:6:      layout_gridville, old_standard_altar,
          mainiacjoe_overflow_surrounded_room, marbit_many_paths,
          portal_sewer_entry_d, gammafunk_ghost_gnarly_gnolls, uniq_duvessa
D:7:      layout_loops_ring, amcnicky_altar_gilded
D:8:      layout_rooms, jmf_multi_god_temple, serial_rivers,
          chequers_serial_rivers_room_a, chequers_serial_rivers_marsh,
          chequers_serial_rivers_micro_c, chequers_serial_rivers_micro_a,
          enter_bailey_3
D:9:      layout_basic, nicolae_overflow_hallway_of_the_gods, serial_shops,
          kennysheep_mini
D:10:     layout_loops_ring, tso_oasis_becter
D:11:     layout_cave_pools, lair_entry_dummy, orc_david_3, serial_shops,
          nicolae_shop_hallway_stairs, shop, lightli_minifort, uniq_fannar,
          uniq_erolcha, uniq_harold, uniq_maurice
Temple:   nicolae_temple_superstar
Lair:1:   layout_concentric_octagons, lemuel_fruit_fields, serial_bayou_shore_a
Lair:2:   layout_regular_city, palyth_hydra_swamp_entry,
          hellmonk_spider_entry_life_and_decay, beast_lair_carwin_4,
          infiniplex_staircase_pool, lemuel_fruit_tree, grunt_megastairs_4

Skill      XL: |  1  2  3  4  5  6  7  8  9 10 11 12 |
---------------+-------------------------------------+-----
Short Blades   | 2 3 4 5 7 8 9 10 | 10.4
Fighting       | 1 2 3 4 5 6 7 8 |  8.7
Hexes          | 4 5 6 8 9 10 | 10.4
Spellcasting   | 3 |  3.5
Stealth        | 5 6 7 8 10 11 12 | 12.0
Dodging        | 3 4 5 7 8 9 |  9.1
Evocations     | 3 7 9 |  9.1

Action                   |  1- 3 |  4- 6 |  7- 9 | 10-12 || total
-------------------------+-------+-------+-------+-------++-------
Melee: Dagger            |    98 |    80 |   223 |   493 ||   894
       Punch             |       |     1 |     2 |    10 ||    13
       Rapier            |       |       |       |   184 ||   184
 Cast: Confusing Touch   |       |     1 |    10 |    29 ||    40
       Dazzling Flash    |       |       |     1 |    11 ||    12
       Tukima's Dance    |       |       |       |     5 ||     5
  Use: Scroll            |       |    11 |     3 |    14 ||    28
       Potion            |       |       |     2 |     1 ||     3
 Stab: Sleeping          |    12 |    25 |    28 |    66 ||   131
       Distracted        |     1 |       |     1 |     3 ||     5
       Confused          |       |     2 |    10 |    24 ||    36
       Invisible         |       |       |     5 |     6 ||    11
Armor: Robe              |    10 |     9 |    10 |       ||    29
       Steam dragon scal |       |       |    33 |   124 ||   157
Dodge: Dodged            |    61 |    32 |   130 |   397 ||   620
